 Dungeon Crawl Stone Soup version 0.23.2-1-ga50397a (webtiles) character file.

Game seed: 2594567917976968758

376 Kahibar the Cutter (level 7, -6/40 HPs)
             Began as a Halfling Skald on May 16, 2019.
             Was an Initiate of Hepliaklqana.
             Killed by divine providence
             ... invoked by an orc priest
              (12 damage)
             ... on level 5 of the Dungeon.
             The game lasted 01:01:25 (4869 turns).

Kahibar the Cutter (Halfling Skald)                 Turns: 4869, Time: 01:01:26

Health: -6/40      AC:  5    Str: 13    XL:     7   Next: 3%
Magic:  10/10      EV: 15    Int: 12    God:    Hepliaklqana [......]
Gold:   192        SH:  2    Dex: 14    Spells: 8/10 levels left

rFire    . . .     SeeInvis .   f - +1 short sword (freeze)
rCold    . . .     Gourm    .   (shield restricted)
rNeg     . . .     Faith    .   b - +0 leather armour
rPois    .         Spirit   .   (no helmet)
rElec    .         Reflect  +   (no cloak)
rCorr    .         Harm     .   m - +0 pair of gloves
MR       .....                  r - +0 pair of boots
Stlth    +.........             g - +2 amulet of reflection
HPRegen  0.13/turn              A - +2 ring of slaying
MPRegen  0.12/turn              y - ring of wizardry

@: no status effects
A: small, reduced essence, mutation resistance 1
a: Recall Ancestor, Ancestor Identity, Renounce Religion


You were on level 5 of the Dungeon.
You worshipped Hepliaklqana.
Hepliaklqana was noncommittal.
You were hungry.

You visited 1 branch of the dungeon, and saw 5 of its levels.

You collected 192 gold pieces.

Inventory:

Hand Weapons
 f - a +1 short sword of freezing (weapon)
 u - a +1 dagger of draining
 x - a +2 vampiric dagger
Missiles
 a - 48 arrows
 c - 83 stones (quivered)
 l - 9 poisoned needles
 s - 38 sling bullets
Armour
 b - a +0 leather armour (worn)
 m - a +0 pair of gloves (worn)
 r - a +0 pair of boots (worn)
Jewellery
 e - an uncursed amulet of the gourmand
 g - a +2 amulet of reflection (around neck)
 v - an uncursed ring of fire
 y - a ring of wizardry (right hand)
 A - a +2 ring of slaying (left hand)
Wands
 n - a wand of flame (19)
Scrolls
 j - a scroll of amnesia
 k - 4 scrolls of remove curse
 p - 2 scrolls of enchant armour
Potions
 h - a potion of heal wounds
 i - a potion of invisibility
 o - 2 potions of might
 q - a potion of degeneration {unknown}
 t - 3 potions of curing
 w - a potion of cancellation {unknown}
Comestibles
 d - 5 rations


   Skills:
 + Level 2.6 Fighting
 + Level 5.0 Short Blades
 + Level 1.5 Throwing
 + Level 2.8 Armour
 + Level 3.6 Dodging
 + Level 1.1 Stealth
 + Level 2.1 Spellcasting
 + Level 3.8 Charms


You had 8 spell levels left.
You knew the following spells:

 Your Spells              Type           Power        Failure   Level  Hunger
a - Infusion              Chrm           ##..         3%          1    ##.....
b - Confusing Touch       Hex            #.....       14%         1    ##.....

Your spell library contained the following spells:

 Spells                   Type           Power        Failure   Level  Hunger
 Song of Slaying          Chrm           ##......     4%          2    ###....
 Shroud of Golubria       Chrm/Tloc      #.........   10%         2    ###....
 Beastly Appendage        Tmut           #.....       14%         1    ##.....
 Regeneration             Chrm/Necr      #.........   19%         3    ####...
 Spectral Weapon          Hex/Chrm       #.......     19%         3    ####...
 Sticks to Snakes         Tmut           #.......     21%         2    ###....
 Confuse                  Hex            #.......     38%         3    ####...
 Gell's Gravitas          Tloc           #.........   38%         3    ####...
 Spider Form              Tmut/Pois      #.........   38%         3    ####...
 Ice Form                 Ice/Tmut       #.......     77%         4    #####..
 Petrify                  Tmut/Erth      #.......     77%         4    #####..
 Blade Hands              Tmut           #.........   97%         5    ######.
 Metabolic Englaciation   Hex/Ice        #.........   97%         5    ######.
 Yara's Violent Unravell  Hex/Tmut       #.........   97%         5    ######.


Dungeon Overview and Level Annotations

Branches:
Dungeon (5/15)
 Temple: D:4-7

Altars:
Gozag
Hepliaklqana
Wu Jian
Xom


Innate Abilities, Weirdness & Mutations

You are small and have problems with some larger weapons.
You are somewhat resistant to further mutation.
Your life essence is reduced to manifest your ancestor. (-10% HP)


Message History

The orc hits Cuetlachtli with a +0 flail.
Cuetlachtli resists with some effort.
Your hands stop glowing.
The howler monkey hoots and howls with incredible vigour!
The orc priest calls upon Beogh to heal something.
The jackal closely misses Cuetlachtli.
You hear a bark!
You hear a shout!
Cuetlachtli hits the orc priest.
Something misses Cuetlachtli.
Something closely misses Cuetlachtli.
Something closely misses Cuetlachtli.
All of the chunks of flesh in your inventory have rotted away.
Cuetlachtli completely misses the orc.
Something hits Cuetlachtli.
Something closely misses Cuetlachtli.
The orc priest invokes the aid of Beogh against you.
Beogh smites you!
* * * LOW HITPOINT WARNING * * *
The orc completely misses you.
The orc priest mumbles some strange prayers to Beogh against you.
Beogh smites you!
You die...

#.........#
#..ohh....#
#..R#....##
#...#o...#
#.h.o....#
#......###
#..oa..#
##..o..#
#..h@.#
#.....#
#.....#
#.....#
#######


You could see the friendly Cuetlachtli the ancestor, a howler monkey, a worker
ant, an orc priest, 4 orcs and 3 jackals.

Vanquished Creatures
  2 orc priests
  A worker ant (D:4)
  3 gnolls (D:3)
  4 adders
  An ooze (D:3)
  An adder skeleton (D:4)
  2 worms
  3 dart slugs
  2 leopard geckos
  5 orcs
  6 bats
  4 giant cockroaches
  7 goblins
  9 hobgoblins
  7 kobolds
  A quokka (D:3)
  A ball python (D:2)
  5 frilled lizards
  14 rats
78 creatures vanquished.

Vanquished Creatures (collateral kills)
  A bullfrog zombie (D:5)
  A hound (D:4)
  2 orc wizards (D:4)
  A river rat (D:4)
  An adder (D:5)
  An orc (D:5)
  A rat (D:4)
8 creatures vanquished.

Grand Total: 86 creatures vanquished

Notes
Turn   | Place    | Note
-------+----------+-------------------------------------------
     0 | D:1      | Kahibar the Halfling Skald began the quest for the Orb.
     0 | D:1      | Reached XP level 1. HP: 14/14 MP: 3/3
   171 | D:1      | Reached XP level 2. HP: 13/19 MP: 4/4
   923 | D:1      | Reached XP level 3. HP: 24/24 MP: 5/5
  1125 | D:2      | Reached skill level 3 in Short Blades
  1745 | D:2      | Reached XP level 4. HP: 16/29 MP: 6/6
  2694 | D:3      | Reached XP level 5. HP: 28/34 MP: 7/7
  2935 | D:3      | Found an opulent altar of Gozag.
  3244 | D:3      | Reached skill level 4 in Short Blades
  3288 | D:3      | Reached skill level 1 in Throwing
  3546 | D:4      | Found a shimmering altar of Xom.
  3615 | D:4      | Noticed a phantom
  4044 | D:4      | Reached XP level 6. HP: 40/41 MP: 4/8
  4097 | D:4      | Found a hazy altar of Hepliaklqana.
  4097 | D:4      | Found an ornate altar of the Wu Jian Council.
  4101 | D:4      | Became a worshipper of Hepliaklqana the Forgotten
  4200 | D:4      | Reached skill level 1 in Stealth
  4553 | D:4      | Learned a level 1 spell: Confusing Touch
  4816 | D:5      | Entered Level 5 of the Dungeon
  4835 | D:5      | Reached XP level 7. HP: 32/40 MP: 10/10
  4859 | D:5      | Reached skill level 5 in Short Blades
  4869 | D:5      | Killed from afar by an orc priest

Skill      XL: |  1  2  3  4  5  6  7 |
---------------+----------------------+-----
Short Blades   | 3 4 5 |  5.0
Armour         | 2 |  2.8
Dodging        | 3 |  3.6
Fighting       | 2 |  2.6
Throwing       | 1 |  1.5
Stealth        | 1 |  1.1
Spellcasting   | 2 |  2.1
Charms         | |  3.8

Action                   |  1- 3 |  4- 6 |  7- 9 || total
-------------------------+-------+-------+-------++-------
Melee: Short sword       |   131 |   214 |     1 ||   346
Throw: Stone             |     7 |    53 |       ||    60
 Cast: Infusion          |       |     8 |       ||     8
       Confusing Touch   |       |       |     1 ||     1
Invok: Ancestor Identity |       |     1 |       ||     1
  Use: Potion            |     1 |     1 |       ||     2
       Scroll            |       |     5 |       ||     5
 Stab: Sleeping          |       |     1 |       ||     1
  Eat: Chunk             |     3 |     6 |       ||     9
       Ration            |       |     1 |       ||     1
Armor: Leather armour    |    26 |    29 |       ||    55
       Chain mail        |       |    24 |       ||    24
Dodge: Dodged            |    93 |   106 |     1 ||   200
Block: Other             |     5 |    12 |       ||    17
